 Dungeon Crawl Stone Soup version 0.29-a0-243-g602b31c20e (webtiles) character file.

Game seed: 9224381095452158544

89 Ajdolov the Sneak (level 4, 0/28 HPs)
             Began as an Octopode Transmuter on Mar 4, 2022.
             Hit by a boomerang thrown by a hobgoblin (5 damage)
             ... led by Robin
             ... on level 3 of the Dungeon.
             The game lasted 00:03:26 (3116 turns).

Ajdolov the Sneak (Octopode Transmuter)             Turns: 3116, Time: 00:03:26

Health: 0/28       AC:  1    Str:  9    XL:     4   Next: 55%
Magic:  16/16      EV: 13    Int: 23    God:
Gold:   65         SH:  0    Dex: 12    Spells: 3/7 levels left

rFire   . . .      SeeInvis .     - Unarmed
rCold   . . .      Faith    .   (no shield)
rNeg    . . .      Spirit   .   (helmet restricted)
rPois   .          Reflect  .   (no amulet)
rElec   .          Harm     .   e - ring of magical power
rCorr   .          Rampage  .   r - +6 ring of intelligence
Will    .....                   (no ring)
Stlth   ++++......              (no ring)
HPRegen 0.09/turn               (no ring)
MPRegen 0.15/turn               (no ring)
                                (no ring)
                                (no ring)

@: no status effects
A: almost no armour, amphibious, 8 rings, camouflage 1, gelatinous body 1,
(nimble swimmer 1), tentacles
a: no special abilities


You were on level 3 of the Dungeon.
You visited 1 branch of the dungeon, and saw 3 of its levels.

You collected 65 gold pieces.

Inventory:

Jewellery
 e - a ring of magical power (left tentacle)
 r - a +6 ring of intelligence (right tentacle)
Wands
 m - a wand of acid (10)
Scrolls
 a - 3 scrolls of teleportation {unknown}
 b - a scroll of noise {unknown}
 d - a scroll of fog {unknown}
 f - a scroll of silence {unknown}
 i - 2 scrolls of magic mapping {unknown}
 j - 4 scrolls of identify {unknown}
 l - a scroll of torment {unknown}
 n - a scroll of brand weapon {unknown}
Potions
 c - a potion of curing {unknown}
 g - a potion of heal wounds {unknown}
 h - a potion of degeneration {unknown}
 k - a potion of ambrosia {unknown}
 o - a potion of magic {unknown}
 p - a potion of cancellation {unknown}
 q - a potion of brilliance {unknown}
 s - 2 potions of mutation {unknown}


   Skills:
 + Level 1.6 Fighting
 - Level 2.0 Dodging
 - Level 4.5 Stealth
 * Level 3.6 Unarmed Combat
 - Level 2.0 Spellcasting
 - Level 2.0 Transmutations


You had 3 spell levels left.
You knew the following spells:

 Your Spells              Type           Power      Damage    Failure   Level
a - Beastly Appendage     Tmut           22%        N/A       5%          1
b - Spider Form           Tmut/Pois      6%         N/A       26%         3

Your spell library contained the following spells:

 Spells                   Type           Power      Damage    Failure   Level
 Wereblood                Tmut           11%        N/A       9%          2
 Call Canine Familiar     Summ           2%         N/A       36%         3
 Portal Projectile        Hex/Tloc       4%         N/A       36%         3
 Ice Form                 Ice/Tmut       6%         N/A       63%         4
 Fulminant Prism          Conj/Hex       1%         3d6       77%         4
 Iskenderun's Mystic Bla  Conj/Tloc      2%         2d3       77%         4
 Leda's Liquefaction      Hex/Erth       1%         N/A       77%         4
 Lee's Rapid Deconstruct  Erth           1%         3d5*      98%         5


Dungeon Overview and Level Annotations

Branches:
Dungeon (3/15)

Altars:
Kikubaaqudgha


Innate Abilities, Weirdness & Mutations

You cannot wear most types of armour.
You are amphibious.
You can wear up to eight rings at the same time.
Your skin changes colour to match your surroundings (Stealth+).
Your rubbery body absorbs attacks. (AC +1, EV +1)
((You are camouflaged when in or above water. (Stealth+)))
You have tentacles for arms and can constrict up to eight enemies at once.


Message History

r - a +6 ring of intelligence (right tentacle)
Casting: Spider Form (quite dangerous; 26% risk of failure)
Confirm with . or Enter, or press ? or * to list all spells.
Okay, then.
A kobold comes into view. It is wielding a +0 whip.
The helpless kobold fails to defend itself.
You tentacle-slap the kobold. Your grab misses the kobold.
The kobold is moderately wounded.
The kobold hits you with a +0 whip.
You barely miss the kobold. Your grab misses the kobold.
Your squeeze misses the kobold.
The kobold is moderately wounded.
You miss the kobold. You grab the kobold. You tentacle-slap the kobold.
The kobold is severely wounded.
You constrict the kobold, but do no damage.
The kobold hits you with a +0 whip.
You tentacle-slap the kobold but do no damage.
The kobold is severely wounded.
You constrict the kobold.
You kill the kobold!
No target in view!
A hobgoblin is nearby!
A jelly comes into view.
The hobgoblin shouts!
The jelly quivers.
The hobgoblin hits you.
Things that are here:
a +0 whip; a kobold corpse You tentacle-slap the jelly.
Your tentacles burn!
The jelly is moderately wounded.
The jelly completely misses you. The hobgoblin closely misses you.
You tentacle-slap the jelly.
Your tentacles burn!
The jelly is heavily wounded.
The jelly hits you.
You are splashed with acid!
* * * LOW HITPOINT WARNING * * *
The hobgoblin barely misses you.
The hobgoblin throws a boomerang.
The boomerang hits you.
* * * LOW HITPOINT WARNING * * *
The hobgoblin throws a boomerang.
The boomerang hits you.
You die...

..#...≈.....#
..#._≈....⌠.#
..#....##...##
..########...#
.............##
.##...........##
............#..##
###.........##.>##
##
#.........###.@##
.. ####[######
##..## .## #..#
##J.#...# ##.##
##)g.# #..#
#.....#...# #.##
#...#...##.## #>#
#. #.... .# #.#
#.... # #.# #....#


You could see a jelly and a hobgoblin.

Vanquished Creatures
  Robin (D:3)
  An adder (D:2)
  3 dart slugs
  3 endoplasms
  2 giant cockroaches
  15 goblins
  10 hobgoblins
  4 jackals (D:1)
  4 kobolds
  A quokka (D:2)
  2 ball pythons
  3 bats (D:1)
  2 frilled lizards
  4 rats
55 creatures vanquished.

Notes
Turn   | Place    | Note
-------+----------+-------------------------------------------
     0 | D:1      | Ajdolov the Octopode Transmuter began the quest for the
                  | Orb.
     0 | D:1      | Reached XP level 1. HP: 13/13 MP: 3/3
    92 | D:1      | Reached skill level 1 in Stealth
    99 | D:1      | Reached skill level 2 in Stealth
   100 | D:1      | Reached XP level 2. HP: 16/18 MP: 5/5
   349 | D:1      | Reached skill level 3 in Stealth
   583 | D:1      | Found a faded altar of an unknown god.
   958 | D:2      | Reached XP level 3. HP: 17/23 MP: 6/6
   967 | D:2      | Reached skill level 4 in Stealth
  1223 | D:2      | Learned a level 3 spell: Spider Form
  2166 | D:3      | Noticed Robin
  2444 | D:2      | Reached XP level 4. HP: 13/28 MP: 7/7
  2621 | D:3      | Killed Robin
  3048 | D:3      | Found an ancient bone altar of Kikubaaqudgha.
  3116 | D:3      | Hit by a boomerang thrown by a hobgoblin

Illustrated notes

Levels and vault maps discovered:
D:1:      minmay_arrival_plants_in_alcoves, layout_loops_corners,
          hellmonk_ecumenical_altar_arch_garden
D:2:      layout_rooms
D:3:      layout_rooms, kiku_gazebo_pond_becter, minmay_misc_feat_tower,
          uniq_robin

Skill      XL: |  1  2  3 |
---------------+----------+-----
Stealth        | 2 3 4 |  4.5
Fighting       | |  1.6
Dodging        | |  2.0
Unarmed Combat | |  3.6
Spellcasting   | |  2.0
Transmutations | |  2.0

Action                   |  1- 3 |  4- 6 || total
-------------------------+-------+-------++-------
Melee: Unarmed           |    83 |    42 ||   125
       Tentacles         |    20 |     4 ||    24
       Constrict         |    23 |    10 ||    33
       Punch             |     1 |     2 ||     3
 Cast: Spider Form       |       |     1 ||     1
 Stab: Sleeping          |    13 |     2 ||    15
       Distracted        |       |     1 ||     1
Armor: Skin              |     2 |     1 ||     3
Dodge: Dodged            |    43 |    17 ||    60

Table legend: (Time is in decaauts)
 A = Elapsed time spent in this place.
 B = Non-inter-level travel time spent in this place.
 C = Inter-level travel time spent in this place.
 D = Time resting spent in this place.
 E = Time spent auto-exploring this place.
 F = Levels seen in this place.
 G = Mean time per level.
                   A        B        C        D        E       F      G
               +--------+--------+--------+--------+--------+-----+--------+
         Total |   3108 |   3070 |     38 |   1108 |   1543 |   3 | 1036.0 |
       Dungeon |   3108 |   3070 |     38 |   1108 |   1543 |   3 | 1036.0 |
               +--------+--------+--------+--------+--------+-----+--------+

Top non-repeatable levels by time:
     D:2: 1616 daAuts
     D:1: 949 daAuts
     D:3: 543 daAuts
